cohdb
Replays
Latest Replays
All Replays
Popular Replays
Top Player Replays
Match Explorer
How It Works
Community
CoH3 Stats
Reddit
Sign in to upload your games and track your stats! →
Sign in with Steam
Match 41319703
Unlisted
Match 41319703
Overview
Messages
Build Orders
End
Panzergrenadier Squad
Selects Battlefield Espionage Battlegroup
250 Light Carrier
Panzergrenadier Squad
Construct Light Support Kompanie
Selects 250/3 Funkpanzerwagen
250/3 Funkpanzerwagen
2.5-tonne Medical Truck
Panzergrenadier Squad
Fire Support Elements
Selects Intel Disruption Beacon
Pak 38 Mechanized Group
Forward Retreat Point
Advanced Field Repairs
Panzerjäger Squad
Selects Anti-Tank Incendiary Munitions
Veteran Squad Leaders
Construct Mechanized Kompanie
Tungsten Core Ammunition
Pak 38 Anti-tank Gun Team
Selects Plunder
Flakvierling Half-track
MrFrezze
TheVVitcher
Corsair
Khayyam
Corpse
SvenDevil
0
0
Comments
sign in to comment!
No comments posted yet!